 Dungeon Crawl Stone Soup version 0.17.1-3-g152610e (webtiles) character file.

202 Charly the Insei (level 5, -2/25 HPs)
             Began as a Vine Stalker Transmuter on Apr 29, 2016.
             Slain by a wight
             ... wielding a +1 short sword of speed
              (6 damage)
             ... on level 4 of the Dungeon.
             The game lasted 00:05:38 (407 turns).

Charly the Insei (Vine Stalker Transmuter)           Turns: 407, Time: 00:05:39

Health: -2/25      AC:  2    Str: 12    XL:     5   Next: 80%
Magic:  0/9        EV: 12    Int: 14    God:
Gold:   17         SH:  0    Dex: 15    Spells: 3 memorised, 2 levels left

rFire  . . .     SeeInvis .       - Unarmed
rCold  . . .     Clarity  .     b - +0 robe
rNeg   . . .     SustAt   .     (no shield)
rPois  .         Gourm    .     (no helmet)
rElec  .         Spirit   +     (no cloak)
rCorr  .         Warding  .     (no gloves)
rMut   .         Stasis   .     (no boots)
MR     .....                    (no amulet)
Stlth  +.........               (no ring)
                                (no ring)

@: very slightly contaminated, drained, not resistant to hostile enchantments,
very unstealthy
A: fangs 2, regeneration 1, magic shield, antimagic bite, no device heal 3, rot
immunity
a: no special abilities


You were on level 4 of the Dungeon.
You were not hungry.

You visited 1 branch of the dungeon, and saw 4 of its levels.

You collected 17 gold pieces.

Inventory:

Missiles
 a - 8 arrows
Armour
 b - a +0 robe (worn)
Scrolls
 e - 3 scrolls of identify {unknown}
 f - a scroll of recharging {unknown}
 g - a scroll of fog {unknown}
 h - a scroll of amnesia {unknown}
Books
 c - a book of Changes

   Spells                             Type                      Level
   a - Beastly Appendage              Transmutation                1
   b - Sticks to Snakes               Transmutation                2
   c - Spider Form                    Transmutation/Poison         3
   d - Ice Form                       Ice/Transmutation            4
   e - Blade Hands                    Transmutation                5
Comestibles
 d - 2 bread rations


   Skills:
 + Level 1.5(1.2) Fighting
 - Level 1.5(1.2) Dodging
 * Level 5.6(5.3) Unarmed Combat
 - Level 2.1(1.8) Spellcasting
 - Level 2.9(2.6) Transmutations


You had 2 spell levels left.
You knew the following spells:

 Your Spells              Type           Power        Failure   Level  Hunger
a - Beastly Appendage     Trmt           #.....       10%         1    ##.....
s - Sticks to Snakes      Trmt           #.........   14%         2    ###....
S - Spider Form           Trmt/Pois      #.........   47%         3    ####...


Dungeon Overview and Level Annotations

Branches:
Dungeon (4/15)             Temple (0/1) D:4

Altars:
Ashenzari
Makhleb


Innate Abilities, Weirdness & Mutations

You have extremely sharp teeth.
Your natural rate of healing is unusually fast.
When hurt, damage is shared between your health and your magic reserves.
Your bite disrupts and absorbs the magic of your enemies.
Potions and wands cannot restore your health.
You are immune to rotting.


Message History

You hit the wight.
The wight is heavily damaged.
The wight hits you with a short sword of speed!
* * * LOW HITPOINT WARNING * * *
You feel drained.
* * * LOW HITPOINT WARNING * * *
You hit the wight.
The wight is severely damaged.
The wight hits you with a short sword of speed.
* * * LOW HITPOINT WARNING * * *
You see here a scroll labeled ZUWKEVE JUTY.
Drop what? 8/52 slots (_ for help) (? for menu, Esc to quit)
Okay, then.
You hit the wight but do no damage.
The wight is severely damaged.
The wight closely misses you.
You hit the wight.
The wight is severely damaged.
The wight hits you with a short sword of speed!
You die...

#.........#
#.........#
#.........#
#.........#
#.........#
#.§.......#
#$.§§?.####
#...z..#
#...@..#
###....#
######


You could see a wight.

Vanquished Creatures
  An ogre (D:4)
  2 wights (D:4)
  An adder (D:3)
  3 oozes
  2 giant geckos
  A ball python (D:3)
  3 giant cockroaches
  2 goblins (D:2)
  A hobgoblin (D:3)
  3 jackals (D:2)
  3 kobolds
  A bat (D:3)
  4 rats
27 creatures vanquished.

Vanquished Creatures (collateral kills)
  A jackal (D:2)
1 creature vanquished.

Grand Total: 28 creatures vanquished

Notes
Turn   | Place    | Note
--------------------------------------------------------------
     0 | D:1      | Charly the Vine Stalker Transmuter began the quest for the Orb.
     0 | D:1      | Reached XP level 1. HP: 9/9 MP: 4/4
    46 | D:1      | Reached XP level 2. HP: 7/14 MP: 4/6
    53 | D:2      | Learned a level 2 spell: Sticks to Snakes
   152 | D:2      | Found a burning altar of Makhleb.
   176 | D:3      | Reached XP level 3. HP: 17/17 MP: 5/7
   183 | D:3      | Learned a level 3 spell: Spider Form
   321 | D:4      | Noticed an ogre
   324 | D:4      | Found a shattered altar of Ashenzari.
   336 | D:4      | Killed an ogre
   336 | D:4      | Reached skill level 5 in Unarmed Combat
   336 | D:4      | Reached XP level 4. HP: 14/21 MP: 3/8
   336 | D:4      | Reached XP level 5. HP: 16/25 MP: 3/9
   375 | D:4      | Reached skill level 1 in Fighting
   389 | D:4      | Found a staircase to the Ecumenical Temple.
   407 | D:4      | Slain by a wight

Action                   |  1- 3 |  4- 6 || total
-------------------------+-------+-------++-------
Melee: Unarmed           |    69 |    22 ||    91
 Cast: Sticks to Snakes  |     4 |       ||     4
       Spider Form       |     5 |     1 ||     6
  Eat: Beef jerky        |     1 |       ||     1
